 Dungeon Sprint DCSS version 0.14-a0-519-g334afa2 (webtiles) character file.

44265 HungrySpirit the Executioner (level 13, -12/125 HPs)
             Began as a Minotaur Fighter on Nov 2, 2013.
             Was the Champion of the Shining One.
             Killed from afar by Mara (23 damage)
             ... with a bolt of fire
             ... in the Dungeon (Sprint IX: "|||||||||||||||||||||||||||||").
             The game lasted 00:10:47 (5244 turns).

HungrySpirit the Executioner (Minotaur Fighter)     Turns: 5244, Time: 00:10:47

HP -12/125       AC 22     Str 27      XL: 13   Next: 89%
MP   0/23        EV  9     Int  8      God: the Shining One [******]
Gold 1138        SH 33     Dex 15      Spells:  0 memorised, 12 levels left

Res.Fire  : . . .   See Invis. : .   q - +2,+0 war axe (chop)
Res.Cold  : . . .   Warding    : .   p - +0 dwarf chain mail
Life Prot.: + + +   Conserve   : .   c - +0 shield
Res.Poison: .       Res.Corr.  : .   (helmet restricted)
Res.Elec. : .       Clarity    : .   t - -1 elf cloak {MR+}
Sust.Abil.: . .     Spirit.Shd : .   E - +2 pair of gloves {Str+3}
Res.Mut.  : .       Prev.Telep.: +   m - +0 pair of dwarf boots
Res.Rott. : .       Flight     : .   (no amulet)
Saprovore : . . .                    n - +3 ring of intelligence
                                     o - +3 ring of dexterity

@: glowing, quite resistant to hostile enchantments, extremely unstealthy
A: retaliatory headbutt, horns 2
a: Divine Shield, Cleansing Flame, Summon Divine Warrior, Renounce Religion


You were in the Dungeon.
You worshipped the Shining One. the Shining One was exalted by your worship.
You were not hungry.

You visited 1 branch You collected 1462 gold pieces.
You spent 324 gold pieces at shops.

Inventory:

Hand weapons
 q - a +2,+0 war axe of chopping (weapon)
 D - a +3,+2 broad axe
Armour
 c - a +0 shield (worn)
 m - a +0 pair of dwarven boots (worn)
 p - a +0 dwarven chain mail (worn)
 t - a -1 elven cloak of magic resistance (worn)
 E - a +2 pair of gloves of strength (worn)
Magical devices
 d - a wand of digging (11)
Comestibles
 x - 7 bread rations
 z - 27 strawberries
 A - 7 meat rations
Scrolls
 j - 2 scrolls of blinking
 k - 2 scrolls of remove curse
 l - 2 scrolls of amnesia
 r - 2 scrolls of fog
 s - a scroll of fear
 u - 2 scrolls of enchant weapon II
 v - 2 scrolls of enchant weapon I
 H - a scroll of recharging
 I - a scroll of identify
Jewellery
 n - a +3 ring of intelligence (right hand)
 o - a +3 ring of dexterity (left hand)
 w - an uncursed ring of protection from fire
 y - an uncursed ring of protection from cold
 C - an uncursed ring of fire
Potions
 a - a potion of cure mutation
 b - 2 potions of brilliance
 e - 6 potions of curing
 g - a potion of speed
 h - 4 potions of magic
 i - a potion of invisibility
 G - 2 potions of berserk rage


   Skills:
 + Level 18.9 Fighting
 * Level 24.9 Axes
 + Level 19.0 Armour
 + Level 19.0 Shields
 + Level 11.3 Invocations


You had 12 spell levels left.
You didn't know any spells.

Dungeon Overview and Level Annotations

Branches:
Dungeon (1/1)

Altars:
Ashenzari
Cheibriados
Elyvilon
Fedhas
Kikubaaqudgha
Makhleb
Nemelex Xobeh
Okawaru
Sif Muna
Trog
Vehumet
Xom
Yredelemnul
Zin
the Shining One

Shops:
D **[[

Annotations:
D Mara


Innate Abilities, Weirdness & Mutations

You reflexively headbutt those who attack you in melee.
You have a pair of horns on your head.


Message History

Unknown command.
Unknown command.
Unknown command.
Unknown command.
You slash Mara! You headbutt Mara, but do no damage.
Mara is almost dead.
Mara hits you but does no damage.
Mara gestures.
Mara blinks!
Mara barely misses you. You furiously retaliate!
You headbutt Mara.
Unknown command.
You hit Mara.
Mara is almost dead.
Mara hits you with an anti-magic demon whip!
* * * LOW HITPOINT WARNING * * *
You feel your power leaking away.
Mara blinks!
Mara throws fire at you. The bolt of fire hits you!
You die...

#.#.#.#.#.#.#.#.#.
#.#.#.#.#.#.#.#.#.
#.#.#.#.#.#.#.#.#.
#.#.#.#.#.#.#.#.#.
#.#.#.#.#.#.#.#.#.
#.#.#.#.#.#.#.#.#.
#§#'#.#.#.#'#.#'#.
#R#.#.#.#.#.#.#.#.
#@#.#.#.#.#.#.#.#.
#R#.#.#'#.#.#.#.#.
#.#.#.#.#.#.#.#.#.
#§#.#.#.#.#)#.#.#.
#.#.#.#.#.#.#.#∩#.
#.#.#.#.#.#)#.#)#.
#.#%#.#%#.#(#.#∩#.
#.#%#.#.#.#.#.#.#.
#R#)#.#.#.#.#.#∩#.


You could see 3 Maras.

Vanquished Creatures
  A lich (D)
  A storm dragon (D)
  A tengu reaver (D)
  A frost giant (D)
  Gastronok (D)
  A vault warden (D)
  Snorg (D)
  A merfolk impaler (D)
  A dragon (D)
  2 yaktaur captains (D)
  A deep troll earth mage (D)
  4 ogre magi (D)
  2 orc high priests (D)
  A naga warrior (D)
  5 centaur warriors (D)
  A sea snake (shapeshifter) (D)
  A sea snake (D)
  A deep elf knight (D)
  3 hill giants (D)
  A giant amoeba (D)
  2 harpies (D)
  Joseph (D)
  5 orc knights (D)
  3 wolf spiders (D)
  An oklob plant (D)
  A red wasp (D)
  3 cyclopes (D)
  3 black mambas (D)
  3 griffons (D)
  4 spiny worms (D)
  5 spiny frogs (D)
  2 mermaids (D)
  A demonic crawler (D)
  A centaur zombie (D)
  A jumping spider (D)
  6 two-headed ogres (D)
  3 polar bears (D)
  A troll (D)
  An orb spider (D)
  A giant leech (D)
  2 slime creatures (D)
  2 boulder beetles (D)
  A bog body (D)
  A brown ooze (shapeshifter) (D)
  2 grizzly bears (D)
  2 redbacks (D)
  2 ugly things (D)
  A trapdoor spider (D)
  A ynoxinul (D)
  2 hippogriffs (D)
  A deep elf fighter (D)
  Grum (D)
  4 wolves (D)
  2 yaks (D)
  2 vampire mosquitoes (D)
  A mottled dragon (D)
  2 porcupines (D)
  A freezing wraith (D)
  9 orc warriors (D)
  A yellow wasp (D)
  3 black bears (D)
  2 ice beasts (D)
  A crocodile (D)
  A centaur (D)
  6 ogres (D)
  A giant slug (D)
  2 giant frogs (D)
  5 water moccasins (D)
  A killer bee (D)
  4 crimson imps (D)
  A goliath beetle (D)
  3 orc priests (D)
  3 hounds (D)
  An iguana (D)
  4 orc wizards (D)
  A green rat (D)
  A giant centipede (D)
  4 adders (D)
  An adder zombie (D)
  4 orcs (D)
  A giant cockroach (D)
  A hobgoblin (D)
  A jackal (D)
  A kobold (D)
  3 quokkas (D)
  3 bats (D)
  A giant newt skeleton (D)
  A giant newt zombie (D)
  A goblin zombie (D)
  A kobold skeleton (D)
  A rat (D)
  A fungus (D)
  A plant (D)
185 creatures vanquished.

Vanquished Creatures (collateral kills)
  A player illusion (D)
1 creature vanquished.

Vanquished Creatures (others)
  A swamp drake (D)
1 creature vanquished.

Grand Total: 187 creatures vanquished

Notes
Turn   | Place    | Note
--------------------------------------------------------------
     0 | D        | HungrySpirit, the Minotaur Fighter, began the quest for the Orb.
     0 | D        | Reached XP level 1. HP: 19/19 MP: 0/0
    30 | D        | Reached skill level 4 in Shields
    88 | D        | Noticed a crimson imp
    88 | D        | Noticed a crimson imp
   105 | D        | Reached XP level 2. HP: 12/27 MP: 0/0
   117 | D        | Killed a crimson imp
   117 | D        | Reached skill level 5 in Fighting
   117 | D        | Reached skill level 5 in Axes
   117 | D        | Reached skill level 5 in Armour
   117 | D        | Reached skill level 5 in Shields
   117 | D        | Reached XP level 3. HP: 15/33 MP: 1/1
   118 | D        | Killed a crimson imp
   118 | D        | Reached skill level 6 in Axes
   118 | D        | Reached XP level 4. HP: 17/40 MP: 1/1
   123 | D        | Found a snail-covered altar of Cheibriados.
   123 | D        | Found a basalt altar of Yredelemnul.
   123 | D        | Found a radiant altar of Vehumet.
   123 | D        | Found a white marble altar of Elyvilon.
   123 | D        | Found a bloodstained altar of Trog.
   123 | D        | Found a basalt altar of Yredelemnul.
   123 | D        | Found a shimmering altar of Xom.
   422 | D        | Found a shimmering altar of Xom.
   423 | D        | Found a glowing silver altar of Zin.
   424 | D        | Found a sparkling altar of Nemelex Xobeh.
   425 | D        | Found a glowing golden altar of the Shining One.
   426 | D        | Found a blossoming altar of Fedhas.
   427 | D        | Found an ancient bone altar of Kikubaaqudgha.
   428 | D        | Found an iron altar of Okawaru.
   429 | D        | Found a deep blue altar of Sif Muna.
   430 | D        | Found a burning altar of Makhleb.
   431 | D        | Found a shattered altar of Ashenzari.
   440 | D        | Became a worshipper of the Shining One
   527 | D        | Noticed a centaur
   527 | D        | Noticed a water moccasin
   527 | D        | Noticed a two-headed ogre
   527 | D        | Noticed a killer bee
   527 | D        | Acquired the Shining One's first power
   527 | D        | Noticed a goliath beetle
   538 | D        | Killed a goliath beetle
   538 | D        | Reached skill level 7 in Axes
   540 | D        | Killed a killer bee
   540 | D        | Reached skill level 8 in Axes
   540 | D        | Reached XP level 5. HP: 35/48 MP: 1/1
   543 | D        | Killed a two-headed ogre
   543 | D        | Reached skill level 10 in Axes
   543 | D        | Reached XP level 6. HP: 27/57 MP: 2/2
   547 | D        | Killed a water moccasin
   547 | D        | Reached skill level 11 in Axes
   552 | D        | Killed a centaur
   708 | D        | Noticed a yellow wasp
   708 | D        | Noticed a yak
   708 | D        | Noticed an ice beast
   708 | D        | Acquired the Shining One's second power
   708 | D        | Noticed a crimson imp
   711 | D        | Killed a crimson imp
   711 | D        | Reached XP level 7. HP: 63/63 MP: 2/2
   716 | D        | Killed an ice beast
   722 | D        | Killed a yak
   722 | D        | Reached skill level 12 in Axes
   727 | D        | Killed a yellow wasp
   846 | D        | Noticed a spiny frog
   846 | D        | Noticed a porcupine
   846 | D        | Noticed a spiny frog
   846 | D        | Noticed a hound
   849 | D        | Noticed a giant frog
   854 | D        | Noticed a crocodile
   854 | D        | Killed a hound
   860 | D        | Killed a spiny frog
   860 | D        | Reached skill level 10 in Fighting
   860 | D        | Reached skill level 13 in Axes
   860 | D        | Reached skill level 10 in Armour
   860 | D        | Reached skill level 10 in Shields
   860 | D        | Reached XP level 8. HP: 53/73 MP: 2/2
   864 | D        | Killed a porcupine
   868 | D        | Killed a spiny frog
   868 | D        | Reached skill level 14 in Axes
   872 | D        | Killed a giant frog
   879 | D        | Killed a crocodile
   990 | D        | Noticed a hound
   990 | D        | Noticed a spiny frog
   990 | D        | Noticed a porcupine
   990 | D        | Acquired the Shining One's third power
   990 | D        | Noticed a spiny frog
   990 | D        | Noticed an iguana
   994 | D        | Noticed a hound
   995 | D        | Killed an iguana
  1000 | D        | Killed a spiny frog
  1000 | D        | Reached XP level 9. HP: 56/81 MP: 3/3
  1001 | D        | Killed a porcupine
  1001 | D        | Reached skill level 15 in Axes
  1006 | D        | Killed a spiny frog
  1010 | D        | Killed a hound
  1012 | D        | Killed a hound
  1124 | D        | Noticed a polar bear
  1124 | D        | Noticed a polar bear
  1124 | D        | Noticed a black bear
  1124 | D        | Noticed a grizzly bear
  1124 | D        | Noticed a grizzly bear
  1124 | D        | Acquired the Shining One's fourth power
  1124 | D        | Noticed a black bear
  1124 | D        | Noticed a polar bear
  1130 | D        | Killed a polar bear
  1132 | D        | Noticed a black bear
  1134 | D        | Killed a grizzly bear
  1137 | D        | Killed a black bear
  1137 | D        | Reached skill level 16 in Axes
  1140 | D        | Killed a grizzly bear
  1143 | D        | Killed a polar bear
  1147 | D        | Killed a polar bear
  1150 | D        | Killed a black bear
  1152 | D        | Killed a black bear
  1367 | D        | Noticed Joseph
  1382 | D        | Killed Joseph
  1382 | D        | Reached XP level 10. HP: 39/92 MP: 3/3
  1556 | D        | Noticed Gastronok
  1573 | D        | Killed Gastronok
  1573 | D        | Reached skill level 17 in Axes
  1793 | D        | Noticed an orc warrior
  1793 | D        | Noticed an orc wizard
  1793 | D        | Noticed an orc priest
  1794 | D        | Killed an orc priest
  1795 | D        | Noticed an orc wizard
  1798 | D        | Noticed an orc high priest
  1799 | D        | Noticed an orc high priest
  1806 | D        | Killed an orc warrior
  1807 | D        | Killed an orc wizard
  1808 | D        | Noticed an orc priest
  1809 | D        | Noticed an orc wizard
  1810 | D        | Killed an orc wizard
  1811 | D        | Noticed an orc wizard
  1819 | D        | Killed an orc high priest
  1819 | D        | Reached skill level 18 in Axes
  1830 | D        | Killed an orc high priest
  1833 | D        | Killed an orc priest
  1836 | D        | Killed an orc wizard
  1839 | D        | Killed an orc wizard
  1948 | D        | Noticed an orc warrior
  1948 | D        | Noticed an orc warrior
  1948 | D        | Noticed an orc warrior
  1948 | D        | Noticed an orc warrior
  1948 | D        | Noticed an orc warrior
  1948 | D        | Noticed an orc priest
  1948 | D        | Noticed an orc warrior
  1951 | D        | Killed an orc warrior
  1952 | D        | Killed an orc priest
  1953 | D        | Noticed an orc warrior
  1956 | D        | Noticed an orc knight
  1959 | D        | Noticed an orc warrior
  1962 | D        | Killed an orc warrior
  1966 | D        | Noticed an orc knight
  1966 | D        | Killed an orc warrior
  1967 | D        | Noticed an orc knight
  1969 | D        | Killed an orc warrior
  1981 | D        | Killed an orc knight
  1992 | D        | Killed an orc knight
  1992 | D        | Reached XP level 11. HP: 62/101 MP: 1/3
  1998 | D        | Killed an orc warrior
  2008 | D        | Killed an orc knight
  2008 | D        | Reached skill level 19 in Axes
  2015 | D        | Killed an orc warrior
  2020 | D        | Killed an orc warrior
  2025 | D        | Killed an orc warrior
  2239 | D        | Found Qeaff's Antique Armour Boutique.
  2239 | D        | Noticed an ogre
  2239 | D        | Noticed an ogre
  2239 | D        | Noticed a two-headed ogre
  2239 | D        | Noticed a two-headed ogre
  2239 | D        | Noticed an ogre
  2239 | D        | Noticed an ogre mage
  2240 | D        | Found Kusihuar's Antique Armour Shop.
  2240 | D        | Noticed a two-headed ogre
  2243 | D        | Noticed an ogre
  2245 | D        | Killed an ogre mage
  2249 | D        | Killed a two-headed ogre
  2254 | D        | Killed a two-headed ogre
  2256 | D        | Killed an ogre
  2257 | D        | Found Frorearch's Assorted Antiques.
  2261 | D        | Killed a two-headed ogre
  2263 | D        | Killed an ogre
  2263 | D        | Reached skill level 15 in Shields
  2264 | D        | Found Pajous' Assorted Antiques.
  2266 | D        | Killed an ogre
  2267 | D        | Noticed an ogre mage
  2269 | D        | Killed an ogre
  2269 | D        | Reached skill level 15 in Armour
  2270 | D        | Noticed an ogre
  2271 | D        | Noticed an ogre
  2272 | D        | Noticed an ogre mage
  2273 | D        | Noticed a two-headed ogre
  2276 | D        | Killed an ogre mage
  2276 | D        | Reached skill level 15 in Fighting
  2276 | D        | Reached skill level 1 in Invocations
  2278 | D        | Killed an ogre
  2284 | D        | Killed an ogre mage
  2284 | D        | Reached skill level 20 in Axes
  2287 | D        | Killed a two-headed ogre
  2288 | D        | Killed an ogre
  2310 | D        | Bought a glowing elven cloak for 26 gold pieces
  2315 | D        | Bought a pair of twisted gloves for 130 gold pieces
  2315 | D        | Bought a potion of curing for 42 gold pieces
  2319 | D        | Bought 2 potions of curing for 72 gold pieces
  2319 | D        | Bought a potion of heal wounds for 54 gold pieces
  2342 | D        | Identified the cursed -3 pair of gloves of Kleptomania {Str+4 Int+5} (You bought it in a shop in the Dungeon)
  2483 | D        | Noticed a wolf
  2484 | D        | Noticed a wolf
  2485 | D        | Noticed Grum
  2486 | D        | Noticed a wolf
  2490 | D        | Killed a wolf
  2492 | D        | Killed a wolf
  2496 | D        | Killed Grum
  2499 | D        | Killed a wolf
  2504 | D        | Noticed a wolf
  2508 | D        | Killed a wolf
  2584 | D        | Noticed a centaur warrior
  2584 | D        | Noticed a griffon
  2584 | D        | Noticed a golden eye
  2584 | D        | Noticed a queen bee
  2584 | D        | Noticed a giant frog
  2584 | D        | Noticed a yak
  2584 | D        | Noticed a crimson imp
  2585 | D        | Killed a crimson imp
  2587 | D        | Killed a yak
  2588 | D        | Killed a giant frog
  2589 | D        | Noticed an ice beast
  2590 | D        | Noticed an elf
  2590 | D        | a queen bee changed into an elf
  2592 | D        | Noticed a wolf spider
  2592 | D        | an elf changed into a slime creature
  2593 | D        | Noticed a sea snake
  2593 | D        | a slime creature changed into a sea snake
  2594 | D        | Noticed a troll
  2604 | D        | Killed a sea snake
  2608 | D        | a golden eye changed into a brown ooze
  2610 | D        | Noticed a cyclops
  2611 | D        | Killed a griffon
  2619 | D        | Killed a centaur warrior
  2620 | D        | Noticed a vampire mosquito
  2624 | D        | Killed an ice beast
  2629 | D        | Killed a wolf spider
  2633 | D        | Killed a troll
  2637 | D        | Killed a cyclops
  2637 | D        | Reached skill level 21 in Axes
  2637 | D        | Reached skill level 5 in Invocations
  2637 | D        | Reached XP level 12. HP: 63/112 MP: 12/14
  2638 | D        | Killed a vampire mosquito
  2750 | D        | Noticed a two-headed ogre
  2751 | D        | Noticed a cyclops
  2752 | D        | Noticed a hill giant
  2755 | D        | Killed a two-headed ogre
  2762 | D        | Killed a cyclops
  2768 | D        | Killed a hill giant
  3048 | D        | Noticed a giant leech
  3048 | D        | Noticed a spiny frog
  3048 | D        | Noticed a bog body
  3048 | D        | Noticed a water moccasin
  3048 | D        | Noticed a vampire mosquito
  3048 | D        | Noticed a slime creature
  3052 | D        | Killed a slime creature
  3055 | D        | Killed a vampire mosquito
  3056 | D        | Noticed a swamp drake
  3065 | D        | Killed a swamp drake
  3073 | D        | Killed a water moccasin
  3075 | D        | Killed a bog body
  3077 | D        | Killed a spiny frog
  3085 | D        | Killed a giant leech
  3096 | D        | Noticed a sea snake
  3096 | D        | Noticed a mermaid
  3096 | D        | Noticed a hippogriff
  3096 | D        | Noticed a merfolk impaler
  3096 | D        | Noticed a harpy
  3096 | D        | Noticed a hippogriff
  3096 | D        | Noticed a harpy
  3097 | D        | Noticed an oklob plant
  3102 | D        | Killed a harpy
  3103 | D        | Noticed a mermaid
  3107 | D        | Killed a hippogriff
  3112 | D        | Killed a harpy
  3120 | D        | Killed a merfolk impaler
  3123 | D        | Killed a hippogriff
  3132 | D        | Killed a mermaid
  3137 | D        | Killed a sea snake
  3146 | D        | Killed an oklob plant
  3146 | D        | Reached skill level 22 in Axes
  3148 | D        | Killed a mermaid
  3462 | D        | Noticed a wolf spider
  3462 | D        | Noticed a demonic crawler
  3462 | D        | Noticed an orb spider
  3462 | D        | Noticed a spiny worm
  3462 | D        | Noticed a jumping spider
  3462 | D        | Noticed a red wasp
  3466 | D        | Noticed a redback
  3467 | D        | Killed a red wasp
  3470 | D        | Noticed a trapdoor spider
  3471 | D        | Killed a jumping spider
  3473 | D        | Noticed a redback
  3474 | D        | Killed a spiny worm
  3478 | D        | Killed a wolf spider
  3487 | D        | Killed a demonic crawler
  3490 | D        | Killed a redback
  3492 | D        | Killed a redback
  3495 | D        | Killed a trapdoor spider
  3508 | D        | Killed an orb spider
  3544 | D        | Noticed a black mamba
  3544 | D        | Noticed a water moccasin
  3544 | D        | Noticed a water moccasin
  3544 | D        | Noticed a water moccasin
  3544 | D        | Noticed a black mamba
  3544 | D        | Noticed a black mamba
  3547 | D        | Killed a black mamba
  3550 | D        | Killed a black mamba
  3551 | D        | Killed a water moccasin
  3555 | D        | Killed a black mamba
  3559 | D        | Killed a water moccasin
  3561 | D        | Killed a water moccasin
  3562 | D        | Noticed a naga warrior
  3574 | D        | Killed a naga warrior
  3866 | D        | Noticed Snorg
  3878 | D        | Killed Snorg
  3927 | D        | Noticed a tengu reaver
  3927 | D        | Noticed a lich
  3927 | D        | Noticed a spiny worm
  3927 | D        | Noticed a giant slug
  3927 | D        | Noticed a deep elf knight
  3927 | D        | Noticed a slime creature
  3927 | D        | Noticed a centaur warrior
  3928 | D        | Noticed a yaktaur captain
  3931 | D        | Killed a centaur warrior
  3936 | D        | Killed a slime creature
  3939 | D        | Noticed an orc knight
  3942 | D        | Killed a deep elf knight
  3946 | D        | Noticed a deep troll earth mage
  3948 | D        | Reached XP level 13. HP: 120/123 MP: 21/21
  3952 | D        | Killed a giant slug
  3956 | D        | Killed a spiny worm
  3956 | D        | Reached skill level 23 in Axes
  3962 | D        | Noticed a yaktaur captain
  3966 | D        | Killed a lich
  3967 | D        | Noticed a frost giant
  3977 | D        | Killed a tengu reaver
  3984 | D        | Killed a yaktaur captain
  3997 | D        | Killed an orc knight
  4002 | D        | Killed a deep troll earth mage
  4004 | D        | Noticed a freezing wraith
  4007 | D        | Killed a yaktaur captain
  4014 | D        | HP: 6/124 [frost giant/battleaxe of freezing (3)]
  4016 | D        | Killed a frost giant
  4016 | D        | Reached skill level 10 in Invocations
  4023 | D        | Killed a freezing wraith
  4024 | D        | Noticed a cyclops
  4026 | D        | Noticed a spiny worm
  4027 | D        | Noticed a deep elf fighter
  4036 | D        | Killed a cyclops
  4042 | D        | Killed a spiny worm
  4044 | D        | Killed a deep elf fighter
  4479 | D        | Noticed a griffon
  4479 | D        | Noticed a centaur warrior
  4479 | D        | Noticed a giant amoeba
  4479 | D        | Noticed a dragon
  4479 | D        | Noticed a wolf spider
  4479 | D        | Noticed a hill giant
  4479 | D        | Noticed a hill giant
  4482 | D        | Killed a hill giant
  4482 | D        | Reached skill level 24 in Axes
  4490 | D        | Killed a hill giant
  4495 | D        | Killed a wolf spider
  4504 | D        | Killed a dragon
  4507 | D        | Killed a giant amoeba
  4508 | D        | Noticed a green ugly thing
  4510 | D        | Noticed a centaur warrior
  4510 | D        | Killed a centaur warrior
  4513 | D        | Noticed an orc knight
  4515 | D        | Killed a griffon
  4520 | D        | Noticed a mottled dragon
  4522 | D        | Killed a green ugly thing
  4524 | D        | Noticed a centaur warrior
  4527 | D        | Killed a centaur warrior
  4530 | D        | Noticed a boulder beetle
  4534 | D        | Killed an orc knight
  4537 | D        | Killed a mottled dragon
  4539 | D        | Killed a centaur warrior
  4549 | D        | Killed a boulder beetle
  4909 | D        | Noticed a vault warden
  4910 | D        | Noticed a griffon
  4911 | D        | Noticed an ogre mage
  4911 | D        | Noticed a green ugly thing
  4912 | D        | Noticed a spiny worm
  4914 | D        | Noticed a storm dragon
  4915 | D        | Noticed a boulder beetle
  4919 | D        | Killed a vault warden
  4923 | D        | Killed a griffon
  4926 | D        | Killed an ogre mage
  4933 | D        | Killed a green ugly thing
  4942 | D        | Killed a spiny worm
  4948 | D        | Killed a storm dragon
  4955 | D        | Killed a boulder beetle
  5187 | D        | Noticed Mara
  5189 | D        | Noticed Mara
  5189 | D        | Noticed Mara
  5198 | D        | Noticed HungrySpirit's illusion
  5210 | D        | The Shining One protects you from harm!
  5236 | D        | Killed HungrySpirit's illusion
  5241 | D        | Noticed Mara
  5241 | D        | Noticed Mara
  5244 | D        | Killed from afar by Mara

Action                   |  1- 3 |  4- 6 |  7- 9 | 10-12 | 13-15 || total
-------------------------+-------+-------+-------+-------+-------++-------
Melee: Hand axe          |    53 |       |       |       |       ||    53
       War axe           |       |    28 |   109 |   380 |   216 ||   733
Invok: Divine Shield     |       |       |       |     5 |     1 ||     6
       Cleansing Flame   |       |       |       |       |     1 ||     1
       Summon Divine War |       |       |       |       |     1 ||     1
  Use: Potion            |     1 |       |       |     4 |     6 ||    11
       Scroll            |       |       |       |     1 |       ||     1
 Stab: Fleeing           |       |       |       |       |     1 ||     1
